 Dungeon Crawl Stone Soup version 0.28-a0-233-gb8ca4b6547 (webtiles) character file.

Game seed: 2213866647815696829

25 siradein the Chopper (level 2, 0/24 HPs)
             Began as a Demonspawn Berserker on Aug 23, 2021.
             Was a Follower of Trog.
             Succumbed to a goblin's poison
             ... on level 1 of the Dungeon.
             The game lasted 00:02:31 (413 turns).

siradein the Chopper (Demonspawn Berserker)          Turns: 413, Time: 00:02:32

Health: 0/24       AC:  2    Str: 17    XL:     2   Next: 82%
Magic:  2/2        EV: 12    Int:  8    God:    Trog [*.....]
Gold:   14         SH:  0    Dex: 12    Spells: 1/1 levels left

rFire   . . .      SeeInvis .   a - +0 hand axe
rCold   . . .      Faith    .   (no shield)
rNeg    . . .      Spirit   .   b - +0 animal skin
rPois   .          Reflect  .   (no helmet)
rElec   .          Harm     .   (no cloak)
rCorr   .          Rampage  .   (no gloves)
Will    .....                   (no boots)
Stlth   +.........              (no amulet)
HPRegen 0.08/turn               (no ring)
MPRegen 0.08/turn               (no ring)

@: lethally poisoned (0 -> -1), on berserk cooldown, flying, slowed, very slow
A: demonic guardian 1
a: Renounce Religion, Berserk


You were on level 1 of the Dungeon.
You worshipped Trog.
Trog was aware of your devotion.
You visited 1 branch of the dungeon, and saw 1 of its levels.

You collected 14 gold pieces.

Inventory:

Hand Weapons
 a - a +0 hand axe (weapon)
Armour
 b - a +0 animal skin (worn)


   Skills:
 - Level 3.0 Fighting
 + Level 3.7 Axes
 - Level 1.7 Armour
 - Level 1.7 Dodging


You had one spell level left.
You didn't know any spells.
Your spell library was empty.

Dungeon Overview and Level Annotations

Branches:
Dungeon (1/15)

Altars:


Innate Abilities, Weirdness & Mutations

A weak demonic guardian rushes to your aid.


Message History

You slash the quokka!
You kill the quokka!
Trog accepts your kill.
You hit the goblin.
You kill the goblin!
Trog accepts your kill.
You feel very sick.
There is a lethal amount of poison in your body!
Okay, then.
It was a potion of flight.
You feel very buoyant.
You fly up into the air.
You feel sick.
A red film seems to cover your vision as you go berserk!
You feel yourself moving faster!
You feel mighty!
* * * LOW HITPOINT WARNING * * *
You feel very sick.
You start resting.
You feel a strong urge to attack something.
You feel sick.
You start resting.
You feel sick.
You feel your anger nearly subside.
You feel sick.
You start resting.
You are no longer berserk.
You are exhausted.
You feel yourself slow down.
* * * LOW HITPOINT WARNING * * *
You feel sick.
There is a lethal amount of poison in your body!
There is a lethal amount of poison in your body!
There is a lethal amount of poison in your body!
There is a lethal amount of poison in your body!
There is a lethal amount of poison in your body!
There is a lethal amount of poison in your body!
* * * LOW HITPOINT WARNING * * *
You feel sick.
You see here a +2 dagger of venom.
* * * LOW HITPOINT WARNING * * *
You feel sick.
You die...

#...## #.# #.#..# ##
#.# # #.##.# .. #.#
#### #####.##.# .#
#.####...
......##.#### .#
##......##
#####.......#####.##
#..######
##.#.##.#.?....# ##..#
#...##.#†.....####...#
###.##.#.5.@..##.....#
#.##...######......#
#.##..## #.......# ##
#....#######.#...(.#
.#
##............###..##
.######....#.#...####
#.##
.#......#.##........#
#.#
.#.####.......>####.#
#.# ...)....#.####...#
..


You could see a friendly quasit (summoned).

Vanquished Creatures
  4 ball pythons (D:1)
  4 goblins (D:1)
  3 jackals (D:1)
  5 quokkas (D:1)
  A kobold (D:1)
  5 rats (D:1)
22 creatures vanquished.

Notes
Turn   | Place    | Note
-------+----------+-------------------------------------------
     0 | D:1      | siradein the Demonspawn Berserker began the quest for the
                  | Orb.
     0 | D:1      | Reached XP level 1. HP: 18/18 MP: 1/1
   124 | D:1      | Gained mutation: A weak demonic guardian rushes to your
                  | aid. [demonic ancestry]
   124 | D:1      | Reached XP level 2. HP: 24/24 MP: 2/2
   412 | D:1      | HP: 1/24 [poisoned by a goblin]
   413 | D:1      | Succumbed to a goblin's poison

Illustrated notes

Levels and vault maps discovered:
D:1:      eino_arrival_cavern_b, layout_rooms

Skill      XL: |  1 |
---------------+----+-----
Axes           | 3 |  3.7
Fighting       | |  3.0
Armour         | |  1.7
Dodging        | |  1.7

Action                   || total
-------------------------++-------
Melee: Hand axe          ||    42
Invok: Berserk           ||     1
  Use: Potion            ||     1
 Stab: Distracted        ||     1
Armor: Animal skin       ||    10
Dodge: Dodged            ||    30

Table legend: (Time is in decaauts)
 A = Elapsed time spent in this place.
 B = Non-inter-level travel time spent in this place.
 C = Inter-level travel time spent in this place.
 D = Time resting spent in this place.
 E = Time spent auto-exploring this place.
 F = Levels seen in this place.
 G = Mean time per level.
                   A        B        C        D        E       F      G
               +--------+--------+--------+--------+--------+-----+--------+
         Total |    419 |    419 |      0 |      1 |    317 |   1 |  419.0 |
       Dungeon |    419 |    419 |      0 |      1 |    317 |   1 |  419.0 |
               +--------+--------+--------+--------+--------+-----+--------+

Top non-repeatable levels by time:
     D:1: 419 daAuts
